 Dungeon Crawl Stone Soup version 0.28-a0-1447-ga5a8893891 (webtiles) character file.

Game seed: 17206265049140059861

28 knot the Skirmisher (level 3, 26/29 HPs)
             Began as a Demonspawn Berserker on Jan 11, 2022.
             Was a Believer of Trog.
             Quit the game on level 2 of the Dungeon on Jan 12, 2022.
             The game lasted 00:02:23 (1035 turns).

knot the Skirmisher (Demonspawn Berserker)          Turns: 1035, Time: 00:02:23

Health: 26/29      AC:  5    Str: 17    XL:     3   Next: 0%
Magic:  3/3        EV: 11    Int: 10    God:    Trog [**....]
Gold:   55         SH:  0    Dex: 12    Spells: 2/2 levels left

rFire   . . .      SeeInvis .   a - +0 hand axe
rCold   . . .      Faith    .   (no shield)
rNeg    . . .      Spirit   .   g - +0 ring mail
rPois   .          Reflect  .   (no helmet)
rElec   .          Harm     .   (no cloak)
rCorr   .          Rampage  .   (no gloves)
Will    .....                   (no boots)
Stlth   +.........              (no amulet)
HPRegen 0.09/turn               (no ring)
MPRegen 0.08/turn               (no ring)

@: no status effects
A: hooves 1, powered by death 1
a: Renounce Religion, Berserk, Trog's Hand


You were on level 2 of the Dungeon.
You worshipped Trog.
Trog was pleased with you.
You visited 1 branch of the dungeon, and saw 2 of its levels.

You collected 55 gold pieces.

Inventory:

Hand Weapons
 a - a +0 hand axe (weapon)
Missiles
 c - 43 stones (quivered)
Armour
 g - a +0 ring mail (worn)
Wands
 h - a wand of paralysis (8)
Scrolls
 b - a scroll of acquirement {unknown}
 d - a scroll of teleportation {unknown}
 f - a scroll of identify {unknown}
Potions
 e - 2 potions of curing {unknown}


   Skills:
 - Level 3.2 Fighting
 * Level 3.0 Axes
 * Level 0.3 Throwing
 - Level 2.1 Armour
 - Level 2.1 Dodging


You had 2 spell levels left.
You didn't know any spells.
Your spell library contained the following spells:

 Spells                   Type           Power      Damage    Failure   Level
 Inner Flame              Hex/Fire       0%         N/A       90%         3
 Cause Fear               Hex            0%         N/A       100%        4
 Discord                  Hex            0%         N/A       100%        8


Dungeon Overview and Level Annotations

Branches:
Dungeon (2/15)

Altars:

Shops:
D:1 [


Innate Abilities, Weirdness & Mutations

You have large cloven feet.
You regenerate a little health from kills.


Message History

The ball python constricts you.
You hit the ball python.
You kill the ball python!
Trog accepts your kill.
You can now call upon Trog for regeneration and willpower.
No target in view!
No target in view!
No target in view!
HP restored.
You see here a ball python corpse.
h - a wand of paralysis (8)
A quokka comes into view.
Okay, then.
You miss the quokka. The quokka closely misses you.
The quokka bites you but does no damage.
You barely miss the quokka. The quokka barely misses you.
You hit the quokka.
The quokka is severely wounded.
The quokka barely misses you.
You completely miss the quokka.
The quokka is severely wounded.
The quokka closely misses you. x2
You barely miss the quokka.
The quokka is severely wounded.
The quokka bites you but does no damage.
You barely miss the quokka.
The quokka is severely wounded.
The quokka bites you. The quokka closely misses you.
You hit the quokka.
The quokka is almost dead.
The quokka bites you but does no damage.
You hit the quokka.
You kill the quokka!
Trog accepts your kill.
You have reached level 3!
Your experience leads to an increase in your attributes!
Increase (S)trength, (I)ntelligence, or (D)exterity?
You feel clever. x2; Your demonic ancestry asserts itself...
Your feet thicken and deform.
Are you sure you want to abandon this character and quit the game? (Confirm with "yes".)

#.......#...#..#
#.####.###.....##
.####.....##....##
...........##.##..##
########............
###..##†..###..
#..........##
.#####..............
.......@.........#..
###..............# .
....#............#
...................
....##..........##.
.... .............
... ..............
.. .#########.###


There were no monsters in sight!

Vanquished Creatures
  2 bats
  2 endoplasms (D:1)
  5 goblins
  A kobold (D:1)
  3 quokkas
  5 ball pythons
  2 frilled lizards
  8 rats
28 creatures vanquished.

Notes
Turn   | Place    | Note
-------+----------+-------------------------------------------
     0 | D:1      | knot the Demonspawn Berserker began the quest for the Orb.
     0 | D:1      | Reached XP level 1. HP: 18/18 MP: 1/1
   389 | D:1      | Gained mutation: You regenerate a little health from kills.
                  | [demonic ancestry]
   389 | D:1      | Reached XP level 2. HP: 24/24 MP: 2/2
   665 | D:1      | Found Gynuli's Armour Emporium.
  1002 | D:2      | Reached ** piety under Trog
  1035 | D:2      | Gained mutation: You have large cloven feet. [demonic
                  | ancestry]
  1035 | D:2      | Reached XP level 3. HP: 26/29 MP: 3/3
  1035 | D:2      | Quit the game

Illustrated notes

Levels and vault maps discovered:
D:1:      dpeg_arrival_ratfight, layout_loops_ring, serial_shops, shop
D:2:      layout_rooms, chequers_ecumenical_altar_simple, uniq_robin

Skill      XL: |  1  2 |
---------------+-------+-----
Armour         | 2 |  2.1
Dodging        | 2 |  2.1
Axes           | 3 |  3.0
Fighting       | |  3.2
Throwing       | |  0.3

Action                   || total
-------------------------++-------
Melee: Hand axe          ||    62
Throw: Stone             ||     2
 Stab: Sleeping          ||     1
Armor: Animal skin       ||     5
       Ring mail         ||     8
Dodge: Dodged            ||    42

Table legend: (Time is in decaauts)
 A = Elapsed time spent in this place.
 B = Non-inter-level travel time spent in this place.
 C = Inter-level travel time spent in this place.
 D = Time resting spent in this place.
 E = Time spent auto-exploring this place.
 F = Levels seen in this place.
 G = Mean time per level.
                   A        B        C        D        E       F      G
               +--------+--------+--------+--------+--------+-----+--------+
         Total |   1044 |   1013 |     31 |      4 |    838 |   2 |  522.0 |
       Dungeon |   1044 |   1013 |     31 |      4 |    838 |   2 |  522.0 |
               +--------+--------+--------+--------+--------+-----+--------+

Top non-repeatable levels by time:
     D:1: 968 daAuts
     D:2: 76 daAuts
